AoeStats
← 牛油果

Arabia

503502962Analyzed
1v1 RM · 1mo ago on Sep 1, 2026· 42m 54s· 2 players
Game mode
Random Map
Map size
Tiny (2 player)
Population
200
Speed
Normal
Resources
Standard
Victory
Conquest
Starting age
Dark Age
Ending age
Imperial Age
RankedLock teamsTeams togetherTeam positionsShared explorationLock speedFull tech treeHidden civsTurbo modeCheats
Victory
Defeat
🇨🇴 Mongols · Colombia
1983
+11
🇭🇰 Armenians · Hong Kong SAR China
1860
-11
牛油果
6:16 Loom
9:18 Feudal Age
10:34 Double-Bit Axe
11:57 Man-at-Arms
18:13 Wheelbarrow
17:38 Horse Collar
20:49 Castle Age
19:58 Scale Mail Armor
20:08 Long Swordsman
21:24 Two-Handed Swordsman
22:35 Squires
23:44 Bow Saw
29:44 Fletching
30:16 Heavy Plow
31:30 Bodkin Arrow
33:41 Hand Cart
34:50 Town Watch
39:40 Imperial Age
37:25 Gold Mining
38:20 Padded Archer Armor
38:37 Elite Skirmisher
40:41 Bracer
40:26 Champion
40:51 Gambesons
41:59 Leather Archer Armor
42:46 Chemistry
42:57 Ballistics
NuMa | OliverAtom
5:44 Loom
8:07 Feudal Age
9:09 Double-Bit Axe
10:47 Horse Collar
22:13 Castle Age
20:43 Gold Mining
21:05 Fletching
21:51 Padded Archer Armor
22:14 Bloodlines
22:52 Bodkin Arrow
23:30 Bow Saw
26:00 Ballistics
26:15 Thumb Ring
28:36 Wheelbarrow
27:58 Town Watch
29:20 Husbandry
33:01 Hand Cart
32:48 Stone Mining
37:15 Imperial Age
36:51 Stone Shaft Mining
36:52 Gold Shaft Mining
38:01 Bracer
39:02 Chemistry
38:42 Parthian Tactics
38:25 Elite Mangudai
41:02 Siege Engineers
41:14 Leather Archer Armor
40:41 Light Cavalry
41:28 Scale Barding Armor
41:33 Forging
42:14 Masonry
42:40 Hoardings
42:50 Conscription
Connection lost

Rejoining the realm…

Still unreachable

The connection could not be restored.

Session expired

The server has moved on; the page needs a fresh start.